Map: Kairos Junction LE

Players

llllllllllll (GuMiho) - Winner!

  • Race: Terran Terran
  • League: Master
  • Spawn Location: 11:00

HeroMarine

  • Race: Terran Terran
  • League: Grandmaster
  • Spawn Location: 5:00

Event: 2019 Assembly Summer

VOD

Have the link to the VOD?

Description

Time

  • Played on: Aug. 2, 2019, 2:09 p.m.
  • Length: 12:55

All games in this series

Show
View Real Time Build Order
Export as new Build Order

llllllllllll Terran - Winner!

Build Orders: Mech 

Get SALT Encoding   

  12  0:00  SCV  
  13  0:12  SCV  
  14  0:17  Supply Depot  
  14  0:25  SCV  
  14  0:28  Refinery  
  15  0:38  SCV  
  16  0:44  Barracks  
  16  0:50  SCV  
  16  0:54  Refinery  
  17  1:02  SCV  
  18  1:14  SCV  
  19  1:27  SCV  
  19  1:31  Reaper  
  21  1:33  Factory  
  21  1:40  Orbital Command  
  21  1:47  Supply Depot  
  21  2:03  Reaper  
  21  2:06  SCV  
  23  2:17  Hellion  
  23  2:18  SCV  
  26  2:28  Command Center  
  26  2:30  SCV  
  26  2:35  Reaper  
  28  2:38  Hellion  
  28  2:43  Supply Depot  
  30  2:47  SCV  
  31  2:57  Starport  
  31  3:05  Hellion, SCV  
  34  3:09  Barracks Tech Lab  
  34  3:17  SCV  
  35  3:29  SCV  
  31  3:42  SCV  
  31  3:44  Starport Tech Lab  
  32  3:51  Cyclone  
  32  3:54  SCV, Orbital Command  
  33  3:56  Barracks Reactor  
  33  3:57  Refinery x2  
  33  4:04  Raven  
  33  4:06  SCV  
  36  4:18  SCV  
  36  4:20  SCV  
  36  4:23  Cyclone  
  41  4:25  Supply Depot  
  41  4:29  Mag-Field Accelerator  
  41  4:31  SCV  
  42  4:32  SCV  
  42  4:33  Marine x2  
  45  4:43  SCV  
  45  4:44  SCV  
  47  4:46  Command Center  
  47  4:49  Raven  
  49  4:57  SCV x2  
  49  4:58  Marine x2  
  52  5:06  Cyclone  
  55  5:09  SCV  
  55  5:10  Supply Depot  
  56  5:17  Marine x2  
  56  5:19  SCV  
  56  5:21  SCV  
  60  5:30  Supply Depot  
  60  5:31  SCV  
  60  5:32  Raven  
  60  5:33  SCV  
  64  5:38  Factory  
  64  5:41  Cyclone  
  67  5:48  SCV  
  68  5:54  SCV  
  64  5:59  Factory  
  64  6:00  SCV  
  59  6:10  SCV  
  52  6:12  SCV  
  52  6:13  Cyclone  
  52  6:15  Barracks Reactor  
  54  6:21  Raven  
  54  6:22  SCV  
  54  6:24  SCV  
  57  6:34  SCV  
  57  6:36  SCV  
  59  6:42  Hellion x2, Infernal Pre-Igniter  
  59  6:44  Orbital Command  
  59  6:46  SCV  
  64  6:48  SCV  
  64  6:50  Cyclone  
  68  6:56  Hellion x2  
  68  6:57  Factory  
  68  6:58  SCV  
  68  6:59  Factory  
  68  7:00  Refinery  
  73  7:03  Hellion x2  
  73  7:06  Supply Depot  
  77  7:11  SCV  
  77  7:12  Armory, SCV  
  77  7:14  SCV  
  80  7:21  Hellion x2  
  84  7:23  SCV  
  84  7:24  SCV  
  84  7:26  SCV  
  84  7:27  Supply Depot  
  87  7:35  Supply Depot, SCV  
  87  7:36  SCV  
  89  7:38  Refinery, SCV  
  90  7:48  Siege Tank x2  
  90  7:49  Hellion x2, Viking  
  102  7:53  Viking  
  102  7:55  Factory Reactor, Factory Tech Lab  
  102  7:57  SCV  
  105  7:58  SCV  
  105  7:59  SCV  
  105  8:02  Terran Vehicle And Ship Armor Level 1  
  107  8:09  SCV  
  107  8:10  SCV  
  107  8:11  SCV  
  107  8:12  Supply Depot x2  
  110  8:23  Siege Tank x2  
  114  8:28  Viking  
  114  8:33  Viking, Siege Tank  
  121  8:34  Supply Depot  
  121  8:35  Supply Depot  
  121  8:39  Hellion  
  121  8:40  Hellion x2  
  121  8:46  Hellion  
  123  8:56  Hellion  
  123  9:01  Siege Tank  
  126  9:03  Viking x2  
  126  9:04  Hellion  
  126  9:05  Hellion, Siege Tank  
  137  9:11  Supply Depot  
  137  9:12  Supply Depot  
  137  9:14  Supply Depot  
  137  9:16  Widow Mine  
  139  9:19  Siege Tank  
  139  9:21  Hellion  
  144  9:26  Hellion  
  146  9:38  Siege Tank  
  146  9:39  Siege Tank  
  146  9:44  Viking x2  
  156  9:49  Hellion x2  
  156  9:50  Hellion  
  162  9:57  Siege Tank  
  162  9:58  Hellion  
  167  10:03  Terran Vehicle And Ship Armor Level 2  
  167  10:08  Supply Depot  
  167  10:09  Supply Depot  
  167  10:11  Hellion, Siege Tank  
  167  10:13  Siege Tank  
  167  10:14  Hellion  
  173  10:21  Viking x2  
  155  10:29  Siege Tank  
  155  10:34  Liberator x2  
  149  10:43  Siege Tank  
  143  10:52  Hellion x3  
  143  10:53  Hellion  
  157  11:03  Siege Tank  
  160  11:05  Hellion  
  160  11:07  Supply Depot, Hellion x3  
  160  11:08  Hellion x8  
  162  11:14  Hellion  
  164  11:18  Command Center  
  154  11:26  Hellion x2, Siege Tank x2  
  154  11:30  Hellion  
  154  11:34  Viking x2  
  154  11:35  Hellion  
  150  11:44  Siege Tank  
  151  11:55  Hellion x2  
  151  11:58  Siege Tank x2  
  161  12:04  Viking, Hellion x2  
  165  12:12  Viking  
  161  12:16  Hellion, Siege Tank  
  165  12:30  Hellion x2  
  165  12:31  Hellion  
Show
View Real Time Build Order
Export as new Build Order

HeroMarine Terran 

Build Orders:  

Get SALT Encoding   

  12  0:00  SCV  
  13  0:13  SCV  
  14  0:17  Supply Depot  
  14  0:25  SCV  
  14  0:27  Refinery  
  15  0:38  SCV  
  16  0:44  Barracks  
  16  0:50  SCV  
  16  0:57  Refinery  
  17  1:03  SCV  
  18  1:15  SCV  
  19  1:31  Factory, Orbital Command  
  19  1:35  Reaper  
  20  1:44  Supply Depot  
  20  1:56  SCV  
  21  2:07  Reaper  
  22  2:08  SCV  
  25  2:16  Hellion  
  25  2:20  SCV  
  26  2:33  SCV  
  29  2:37  Hellion  
  29  2:39  Reaper  
  29  2:40  Command Center  
  30  2:44  Supply Depot  
  30  2:45  SCV  
  31  2:54  Starport  
  31  2:58  Factory Tech Lab  
  31  3:05  SCV  
  31  3:12  Barracks Tech Lab  
  32  3:18  Cyclone, SCV  
  36  3:26  Refinery  
  36  3:30  SCV  
  33  3:42  SCV  
  34  3:50  Raven  
  34  3:54  SCV  
  35  3:56  Orbital Command  
  35  3:57  Cyclone  
  38  4:05  Barracks Reactor  
  38  4:06  SCV  
  39  4:18  SCV  
  39  4:19  Command Center  
  39  4:22  SCV  
  41  4:29  Siege Tank  
  41  4:30  SCV  
  45  4:34  SCV  
  45  4:35  Supply Depot  
  46  4:42  SCV  
  46  4:44  Marine x2, Raven  
  51  4:46  SCV  
  51  4:49  Supply Depot  
  52  4:54  SCV  
  52  4:58  SCV  
  54  5:06  Marine x2, SCV  
  57  5:08  Siege Tank  
  57  5:11  Refinery, SCV  
  61  5:19  SCV  
  62  5:23  SCV  
  63  5:31  Supply Depot, SCV  
  63  5:32  Orbital Command  
  63  5:35  Viking x2, SCV  
  67  5:36  Stimpack, Marine  
  70  5:43  SCV  
  70  5:45  Siege Tank  
  70  5:47  SCV  
  75  5:54  Marine  
  75  5:55  SCV  
  77  5:59  SCV  
  77  6:03  Orbital Command  
  74  6:05  Viking  
  74  6:07  SCV  
  70  6:11  SCV  
  70  6:12  Marine  
  70  6:13  Viking  
  70  6:17  Siege Tank  
  74  6:19  SCV  
  74  6:22  Engineering Bay x2  
  74  6:23  SCV  
  76  6:30  Marine  
  76  6:31  SCV  
  75  6:35  SCV  
  75  6:38  SCV  
  74  6:43  SCV  
  74  6:45  Barracks  
  75  6:47  Barracks, SCV  
  75  6:48  Marine  
  75  6:49  Siege Tank  
  75  6:50  SCV  
  79  6:55  SCV  
  79  6:56  Viking x2  
  79  6:58  Terran Infantry Armor Level 1, Terran Infantry Weapons Level 1  
  79  6:59  SCV  
  85  7:02  SCV  
  85  7:04  Refinery  
  85  7:05  Refinery  
  85  7:06  Marine  
  85  7:07  SCV  
  88  7:09  Supply Depot  
  88  7:12  SCV  
  88  7:15  SCV  
  90  7:16  Supply Depot  
  90  7:20  Supply Depot, SCV  
  91  7:24  Marine, SCV  
  93  7:30  Supply Depot  
  93  7:31  Siege Tank, SCV  
  93  7:32  SCV  
  93  7:33  Supply Depot  
  93  7:35  Barracks Reactor x2  
  93  7:36  Combat Shield  
  98  7:39  Barracks  
  98  7:41  Viking, Barracks  
  98  7:42  Viking  
  98  7:43  SCV x2  
  104  7:44  SCV  
  104  7:48  Marauder  
  104  7:55  SCV  
  104  7:57  Command Center, SCV  
  104  7:58  SCV  
  107  8:03  Siege Tank  
  110  8:08  Supply Depot  
  110  8:10  Marauder  
  110  8:12  Medivac x2  
  117  8:13  Marine x3  
  117  8:17  Armory  
  119  8:24  SCV x2  
  119  8:26  SCV  
  118  8:31  Marine x5  
  118  8:33  Barracks Tech Lab x2  
  119  8:36  SCV  
  119  8:37  SCV  
  119  8:38  SCV  
  118  8:49  Marine, SCV x2  
  118  8:50  Armory, Medivac x2, SCV  
  129  9:01  Marauder x2, SCV x2  
  132  9:06  Barracks  
  132  9:07  Marauder  
  132  9:08  Terran Infantry Weapons Level 2, Terran Infantry Armor Level 2  
  131  9:10  Supply Depot  
  131  9:14  Marine x2  
  131  9:16  Marine x2  
  135  9:19  Terran Ship Weapons Level 1  
  135  9:20  Medivac x2  
  135  9:22  Marauder x2  
  143  9:29  Marauder  
  145  9:31  Marine  
  145  9:32  Marine, Orbital Command  
  145  9:34  Marine x2  
  145  9:38  Barracks  
  149  9:42  Supply Depot  
  149  9:44  Marauder x2  
  153  9:49  Marine  
  153  9:50  Viking  
  156  9:54  Supply Depot x2  
  156  9:55  Viking, Marauder  
  156  9:59  Marauder  
  162  10:00  Marine x2  
  162  10:03  Marine  
  162  10:05  Marauder x2  
  169  10:13  Marine  
  168  10:17  Marauder  
  168  10:18  Marine  
  168  10:19  Viking  
  168  10:21  Marauder  
  175  10:25  Viking  
  175  10:26  Marauder x2  
  141  10:28  Marine  
  141  10:29  Marine  
  141  10:30  Orbital Command  
  141  10:35  Marine  
  138  10:38  Marauder  
  138  10:42  Marauder  
  140  10:48  Marauder x2  
  140  10:49  Viking  
  133  10:52  Marine x3  
  133  10:55  Viking  
  136  10:57  Marine  
  136  11:00  Marauder  
  136  11:03  Marauder  
  138  11:09  Marauder x2  
  138  11:10  Marine x2  
  144  11:12  Marine  
  144  11:15  Marine  
  142  11:19  Viking  
  142  11:21  Marauder  
  142  11:25  Viking, Marauder  
  146  11:28  Marine  
  146  11:29  Marine  
  146  11:30  Marauder  
  146  11:31  Marauder  
  146  11:32  Marine  
  135  11:40  Marine  
  135  11:42  Marauder  
  135  11:45  Marine  
  135  11:46  Marine, Marauder  
  130  11:49  Viking  
  130  11:50  Marine, Barracks Tech Lab  
  130  11:52  Marauder x2  
  136  11:55  Viking  
  136  11:58  Marine  
  139  12:03  Marine  
  139  12:04  Marauder  
  139  12:07  Marauder  
  142  12:13  Marauder x2  
  142  12:14  Marauder  
  138  12:19  Viking  
  138  12:23  Marine  
  138  12:25  Marine, Viking, Marauder  
  138  12:29  Marauder  
  137  12:32  Marine  
  141  12:37  Marine  
Tags
 
Add a new tag
Caveats
  • Supply blocks, unpowered buildings, or Contaminate may cause inaccurate times.
  • Supply counts are checked every 10 seconds.